[Event "ICC tourney 2437 (75 10)"]
[Site "Internet Chess Club"]
[Date "2021.03.07"]
[Round "5"]
[White "ZHENG, CARISSA ANGELA:bg26723"]
[Black "JIANG, LEYOU:karuto2006"]
[Result "0-1"]
[ICCResult "White resigns"]
[WhiteElo "1868"]
[BlackElo "1831"]
[Opening "Giuoco Piano: Anderssen variation"]
[ECO "C54"]
[NIC "IG.02"]
[Time "16:31:27"]
[PlyCount "112"]
[TimeControl "4500+10"]

1. e4 e5 2. Nf3 Nc6 3. Bc4 Bc5 4. c3 Nf6 5. d4 exd4 6. e5 d5 7. Bb5 Ne4 8.
cxd4 Bb4+ 9. Bd2 Bxd2+ 10. Nbxd2 O-O 11. Qc2 Nb4 12. Qa4 a5 13. a3 Na6 14.
Qc2 Bf5 15. Bd3 Nxd2 16. Bxf5 Nxf3+ 17. gxf3 g6 18. Rg1 Kh8 19. Bd3 c5 20.
dxc5 Qe7 21. Bxa6 Rxa6 22. O-O-O Qxe5 23. Kb1 Rc6 24. Rge1 Qh5 25. Qc3+ Kg8
26. Qd4 Qxf3 27. Rd2 Qf5+ 28. Ka2 Rfc8 29. Re5 Qf6 30. f4 Rxc5 31. f5 Kg7
32. Rf2 g5 33. h4 Rc4 34. Qxd5 Rxh4 35. Qxb7 Qxe5 36. f6+ Kg6 37. Qxc8 Qd5+
38. b3 a4 39. Qg8+ Kh5 40. Qxh7+ Kg4 41. Qc2 Qxb3+ 42. Qxb3 axb3+ 43. Kxb3
Kg3 44. Ra2 g4 45. a4 Kf3 46. a5 g3 47. a6 g2 48. a7 Rh8 49. Ra1 Ra8 50.
Kb4 Kf2 51. Ra2+ Kg1 52. Kb5 Kh1 53. Ra1+ g1=Q 54. Rxg1+ Kxg1 55. Kb6 Kf2
56. Kb7 Rxa7+ { White resigns } 0-1

[Event "ICC tourney 2437 (75 10)"]
[Site "Internet Chess Club"]
[Date "2021.03.07"]
[Round "5"]
[White "RAM, JAIKRISHNAN:jairam09"]
[Black "SETHURAMAN, ROSHAN:TheSuperKing"]
[Result "1/2-1/2"]
[ICCResult "Game drawn by mutual agreement"]
[WhiteElo "1805"]
[BlackElo "1701"]
[Opening "Nimzovich-Larsen attack: modern variation"]
[ECO "A01"]
[NIC "VO.08"]
[Time "16:31:24"]
[PlyCount "117"]
[TimeControl "4500+10"]

1. b3 e5 2. Bb2 Nc6 3. e3 d5 4. Bb5 Bd6 5. f4 Qe7 6. Nf3 f6 7. Nc3 Be6 8.
O-O Nh6 9. fxe5 fxe5 10. e4 d4 11. Nd5 Qd8 12. c3 dxc3 13. dxc3 O-O 14.
Bxc6 bxc6 15. Ne3 Bc5 16. Bc1 Qxd1 17. Rxd1 Ng4 18. Re1 Rad8 19. h3 Nxe3
20. Bxe3 Bd6 21. Kf2 a5 22. c4 Bb4 23. Red1 Be7 24. Ke2 Bf6 25. Bd2 a4 26.
Bc3 axb3 27. axb3 Rb8 28. Rab1 Rxb3 29. Rxb3 Bxc4+ 30. Ke3 Bxb3 31. Rb1 Ba4
32. Bxe5 Bxe5 33. Nxe5 Re8 34. Nd3 Bb5 35. Rc1 g6 36. Nb4 Re6 37. Nc2 Kf7
38. Nd4 Re7 39. Nxc6 Bxc6 40. Rxc6 Ke8 41. Rc1 Kd7 42. Rd1+ Ke6 43. Rc1 Kd6
44. Rd1+ Kc6 45. Rc1+ Kb5 46. Rb1+ Kc4 47. Rc1+ Kb5 48. Rb1+ Kc6 49. Rc1+
Kd6 50. Rd1+ Ke6 51. Rc1 Kf6 52. Rc5 Ke6 53. Rc1 Kd7 54. Rd1+ Kc8 55. Rc1
Re6 56. Ra1 Kb7 57. Rb1+ Rb6 58. Rd1 Kc8 59. Rd2 { Game drawn by mutual
agreement } 1/2-1/2

[Event "ICC tourney 2437 (75 10)"]
[Site "Internet Chess Club"]
[Date "2021.03.07"]
[Round "5"]
[White "KARAM, ALEX:AlexandreKaram"]
[Black "UDOVENKO, DANIEL ALEXANDER:DanielA1926"]
[Result "0-1"]
[ICCResult "White resigns"]
[WhiteElo "1799"]
[BlackElo "1764"]
[Opening "Sicilian: Najdorf, Zagreb (fianchetto) variation"]
[ECO "B91"]
[NIC "SI.14"]
[Time "16:31:24"]
[PlyCount "84"]
[TimeControl "4500+10"]

1. e4 c5 2. Nf3 d6 3. d4 cxd4 4. Nxd4 Nf6 5. Nc3 a6 6. g3 e6 7. Bg2 Be7 8.
O-O O-O 9. f4 Nbd7 10. g4 h6 11. h4 Qb6 12. g5 e5 13. gxf6 Nxf6 14. fxe5
dxe5 15. Rxf6 Bxf6 16. Nd5 Qxd4+ 17. Qxd4 exd4 18. Nxf6+ gxf6 19. Bxh6 Rd8
20. Rd1 Be6 21. Rf1 Rac8 22. Rxf6 Rxc2 23. e5 d3 24. Be4 Rxb2 25. Rf3 Kh8
26. Rg3 Rg8 27. Bg5 Rxg5 28. hxg5 d2 29. Bf3 Rb1+ 30. Kf2 d1=Q 31. Bxd1
Rxd1 32. a3 Rd5 33. Re3 Kg7 34. Kg3 Kg6 35. Kf4 Rd4+ 36. Re4 Rxe4+ 37. Kxe4
Kxg5 38. Kd4 Kf5 39. a4 Kf4 40. a5 Kf5 41. Ke3 Kxe5 42. Kd3 f5 { White
resigns } 0-1

[Event "ICC tourney 2437 (75 10)"]
[Site "Internet Chess Club"]
[Date "2021.03.07"]
[Round "5"]
[White "SATTARU, SRITEJ SAI:FL2009"]
[Black "LEE, DANIEL:Daniel-Lee"]
[Result "1-0"]
[ICCResult "Black resigns"]
[WhiteElo "1820"]
[BlackElo "1865"]
[Opening "Giuoco Piano: Anderssen variation"]
[ECO "C54"]
[NIC "IG.02"]
[Time "16:32:39"]
[PlyCount "81"]
[TimeControl "4500+10"]

1. e4 e5 2. Nf3 Nc6 3. Bc4 Bc5 4. c3 Nf6 5. d4 exd4 6. e5 d5 7. Bb5 Ne4 8.
cxd4 Bb4+ 9. Bd2 Nxd2 10. Nbxd2 O-O 11. Bxc6 bxc6 12. O-O Ba6 13. Re1 c5
14. a3 Bxd2 15. Qxd2 cxd4 16. Qxd4 Qd7 17. Rac1 Rfc8 18. Rc5 Bb7 19. Rec1
a5 20. Qc3 Ra6 21. Rxc7 Rxc7 22. Qxc7 Qxc7 23. Rxc7 Rb6 24. Rc2 f6 25. h3
fxe5 26. Nxe5 d4 27. Rd2 Rb5 28. f4 Rd5 29. Nf3 d3 30. Kf2 Ba6 31. Ke3 Rd6
32. b4 axb4 33. axb4 Rb6 34. Rb2 Re6+ 35. Ne5 g5 36. b5 Bb7 37. g3 d2 38.
Rxd2 gxf4+ 39. gxf4 Rb6 40. Rb2 Ba6 41. Rg2+ { Black resigns } 1-0

[Event "ICC tourney 2437 (75 10)"]
[Site "Internet Chess Club"]
[Date "2021.03.07"]
[Round "5"]
[White "WEN, KALLY:kwen2008"]
[Black "MATTSON, DANIEL R:CPTsopiens"]
[Result "1/2-1/2"]
[ICCResult "Game drawn by mutual agreement"]
[WhiteElo "1708"]
[BlackElo "1757"]
[Opening "Nimzo-Indian: classical variation"]
[ECO "E32"]
[NIC "NI.24"]
[Time "16:31:27"]
[PlyCount "72"]
[TimeControl "4500+10"]

1. d4 Nf6 2. c4 e6 3. Nc3 Bb4 4. Qc2 O-O 5. Bg5 c5 6. e3 b6 7. Nf3 Bb7 8.
Be2 cxd4 9. exd4 d5 10. cxd5 Bxd5 11. O-O Bb7 12. Rfd1 Nbd7 13. d5 exd5 14.
Nxd5 Bxd5 15. Rxd5 Qe8 16. Rdd1 Rc8 17. Qd3 h6 18. Bh4 Nc5 19. Qb5 Qxb5 20.
Bxb5 Nce4 21. Bd3 g5 22. Bg3 Nxg3 23. hxg3 a5 24. Rac1 Bc5 25. Bf5 Rcd8 26.
Ne5 Rfe8 27. Ng4 Kg7 28. Nxf6 Kxf6 29. Bg4 Kg6 30. Bd7 Rf8 31. Ba4 f5 32.
Kf1 Rxd1+ 33. Rxd1 Rf6 34. Bc2 g4 35. Rd5 Kg5 36. a3 Be7 { Game drawn by
mutual agreement } 1/2-1/2

[Event "ICC tourney 2437 (75 10)"]
[Site "Internet Chess Club"]
[Date "2021.03.07"]
[Round "5"]
[White "CRISCI, THOMAS:StarWaricc"]
[Black "WANG, MAXWELL GEORG:MaxWang"]
[Result "0-1"]
[ICCResult "White resigns"]
[WhiteElo "1816"]
[BlackElo "1778"]
[Opening "Queen's gambit declined"]
[ECO "D30"]
[NIC "QP.08"]
[Time "16:31:40"]
[PlyCount "100"]
[TimeControl "4500+10"]

1. d4 d5 2. c4 e6 3. e3 Nf6 4. Nf3 c5 5. Nc3 Nc6 6. Bd3 dxc4 7. Bxc4 cxd4
8. exd4 Be7 9. O-O O-O 10. h3 b6 11. Bf4 Bb7 12. d5 Na5 13. Be2 Nxd5 14.
Nxd5 Qxd5 15. Qxd5 Bxd5 16. b3 Rac8 17. Rac1 Bb7 18. Rfd1 Rxc1 19. Rxc1 Bc5
20. Nd2 Rc8 21. Nc4 Nxc4 22. Bxc4 Rd8 23. Kf1 Kf8 24. f3 Bd5 25. Bb5 f6 26.
Ke2 e5 27. Be3 Bd6 28. Ba6 Be6 29. Bd3 g6 30. Bb5 Ke7 31. Rc3 Bd7 32. Bd3
Be6 33. Bb5 Rc8 34. Rxc8 Bxc8 35. Kd3 Be6 36. Kd2 Bb4+ 37. Ke2 Kd6 38. Bh6
Kc5 39. Bd3 Kd4 40. Bd2 Bxd2 41. Kxd2 f5 42. Bb5 Bd5 43. h4 e4 44. fxe4
Kxe4 45. Bf1 Kf4 46. h5 Kg3 47. hxg6 hxg6 48. Ke3 Bxg2 49. Bxg2 Kxg2 50.
Kf4 Kf2 { White resigns } 0-1

[Event "ICC tourney 2437 (75 10)"]
[Site "Internet Chess Club"]
[Date "2021.03.07"]
[Round "5"]
[White "SANE, ADWAY:adwaysane"]
[Black "CHAMPSI, IMRAN:imranchamp"]
[Result "1/2-1/2"]
[ICCResult "Game drawn by mutual agreement"]
[WhiteElo "1717"]
[BlackElo "1813"]
[Opening "Sicilian: Nimzovich-Rossolimo attack (with ...g6, without ...d6)"]
[ECO "B31"]
[NIC "SI.31"]
[Time "16:31:40"]
[PlyCount "61"]
[TimeControl "4500+10"]

1. e4 c5 2. Nf3 Nc6 3. Bb5 g6 4. Bxc6 bxc6 5. Nc3 Bg7 6. d3 Nh6 7. O-O O-O
8. Be3 Rb8 9. h3 f5 10. Qc1 fxe4 11. dxe4 Nf7 12. Bxc5 a5 13. Ba3 d6 14.
Qd2 Ne5 15. Nxe5 Bxe5 16. Rad1 Qb6 17. Ne2 Qa6 18. c3 Qb6 19. b3 Ba6 20. c4
Rf7 21. Nd4 a4 22. Bb2 axb3 23. axb3 Bxd4 24. Bxd4 Qxb3 25. Rb1 Qxb1 26.
Rxb1 Rxb1+ 27. Kh2 Bxc4 28. Bc3 c5 29. Bb2 Bb5 30. Qc3 e5 31. f3 { Game
drawn by mutual agreement } 1/2-1/2

[Event "ICC tourney 2437 (75 10)"]
[Site "Internet Chess Club"]
[Date "2021.03.07"]
[Round "5"]
[White "HO, CARTER:corviknight"]
[Black "Wolfe, Peter:fleshlumpeater"]
[Result "0-1"]
[ICCResult "White resigns"]
[WhiteElo "1802"]
[BlackElo "1958"]
[Opening "Sicilian: Pelikan, Chelyabinsk variation"]
[ECO "B33"]
[NIC "SI.37"]
[Time "16:31:24"]
[PlyCount "134"]
[TimeControl "4500+10"]

1. e4 c5 2. Nf3 Nc6 3. d4 cxd4 4. Nxd4 Nf6 5. Nc3 e5 6. Ndb5 d6 7. Bg5 a6
8. Na3 b5 9. Nd5 Be7 10. Bxf6 Bxf6 11. c3 Bg5 12. Nc2 Ne7 13. Nce3 O-O 14.
Be2 Bxe3 15. Nxe3 Bb7 16. Bf3 Qb6 17. O-O Rad8 18. Qe2 g6 19. c4 Nc6 20.
Nd5 Qa7 21. Qd2 Kg7 22. cxb5 axb5 23. a4 bxa4 24. Bd1 Qd4 25. Qxd4 Nxd4 26.
Bxa4 Bxd5 27. exd5 Rb8 28. Rfb1 Rb4 29. Bc6 Rfb8 30. Ra7 Rxb2 31. Rxb2 Rxb2
32. h3 Nxc6 33. dxc6 Rb6 34. c7 Rc6 35. Ra6 Rxc7 36. Rxd6 h5 37. h4 Rc2 38.
Kf1 Kf8 39. Kg1 Ke7 40. Ra6 Rd2 41. Kf1 Rd6 42. Ra7+ Ke6 43. Ke2 Rd7 44.
Ra6+ Kf5 45. Ke3 Rb7 46. Ra5 Rb3+ 47. Ke2 f6 48. Ra6 Rb4 49. g3 Rb3 50. Rd6
Rb5 51. f3 Rb2+ 52. Kf1 Rb8 53. Kg2 Rb4 54. Kh3 g5 55. hxg5 Kxg5 56. Re6
Rb3 57. Kg2 Rb2+ 58. Kh3 Rf2 59. Re8 Rxf3 60. Rg8+ Kf5 61. Kh4 Rf2 62. Kh3
Ke4 63. Rh8 Rf5 64. Kh4 Kf3 65. Rxh5 Rxh5+ 66. Kxh5 Kxg3 67. Kg6 e4 { White
resigns } 0-1

[Event "ICC tourney 2437 (75 10)"]
[Site "Internet Chess Club"]
[Date "2021.03.07"]
[Round "5"]
[White "YU, AVERY:Averyyu321"]
[Black "RODENSTEIN, ALAN:arconsul2"]
[Result "0-1"]
[ICCResult "White resigns"]
[WhiteElo "1789"]
[BlackElo "1756"]
[Opening "Caro-Kann: classical, 6.h4"]
[ECO "B18"]
[NIC "CK.12"]
[Time "16:31:34"]
[PlyCount "132"]
[TimeControl "4500+10"]

1. e4 c6 2. d4 d5 3. Nc3 dxe4 4. Nxe4 Bf5 5. Ng3 Bg6 6. h4 h6 7. h5 Bh7 8.
Nf3 Nd7 9. Bd3 Bxd3 10. Qxd3 e6 11. Bd2 Qc7 12. O-O-O O-O-O 13. Kb1 Ngf6
14. Be3 Kb8 15. Ne2 Bd6 16. Rh4 Qa5 17. Bf4 Bxf4 18. Nxf4 Nd5 19. Nxd5 cxd5
20. Nd2 Rc8 21. f4 Qd8 22. Rh3 Qc7 23. f5 e5 24. dxe5 Nxe5 25. Qb3 d4 26.
Ne4 Rhd8 27. a3 Qc6 28. Rh4 f6 29. Rd2 Nc4 30. Rf2 Ne3 31. Re2 d3 32. cxd3
Qc1+ 33. Ka2 Nc2 34. Rxc2 Qxc2 35. Qxc2 Rxc2 36. Rg4 Rd7 37. Kb3 Rcc7 38.
Rg3 b6 39. Ka2 Kc8 40. b4 Kd8 41. Kb2 Ke8 42. Nc3 a6 43. Kc2 Kf7 44. Rg4 a5
45. Kd2 Rc8 46. Re4 Rcd8 47. Re3 Re8 48. Ne4 axb4 49. axb4 Re5 50. g4 Ra7
51. d4 Ra2+ 52. Ke1 Re7 53. Nd6+ Kf8 54. Rxe7 Kxe7 55. Nc8+ Kd8 56. Nxb6
Rg2 57. Nd5 Rxg4 58. Nc3 Rxd4 59. b5 Rb4 60. Kd2 Kc8 61. Ke3 Rh4 62. Nd5
Rxh5 63. Kd4 Kb7 64. Ne3 Rg5 65. Kc5 h5 66. b6 h4 { White resigns } 0-1

[Event "ICC tourney 2437 (75 10)"]
[Site "Internet Chess Club"]
[Date "2021.03.07"]
[Round "6"]
[White "LEE, DANIEL:Daniel-Lee"]
[Black "MARTINEZ, ENOCH:TheChessShark"]
[Result "1-0"]
[ICCResult "Black resigns"]
[WhiteElo "1865"]
[BlackElo "1817"]
[Opening "Sicilian: dragon, Yugoslav attack, 9.Bc4"]
[ECO "B77"]
[NIC "SI.18"]
[Time "20:01:39"]
[PlyCount "37"]
[TimeControl "4500+10"]

1. e4 c5 2. Nf3 Nc6 3. d4 cxd4 4. Nxd4 Nf6 5. Nc3 d6 6. Be3 g6 7. f3 Bg7 8.
Qd2 O-O 9. Bc4 Re8 10. O-O-O a6 11. Bb3 Na5 12. Bh6 Bh8 13. h4 Nxb3+ 14.
Nxb3 b5 15. h5 b4 16. Nd5 a5 17. hxg6 hxg6 18. Bf8 Kxf8 19. Rxh8+ { Black
resigns } 1-0

[Event "ICC tourney 2437 (75 10)"]
[Site "Internet Chess Club"]
[Date "2021.03.07"]
[Round "6"]
[White "Shi, Roger V V:Roger436"]
[Black "SANE, ADWAY:adwaysane"]
[Result "1-0"]
[ICCResult "Black resigns"]
[WhiteElo "1782"]
[BlackElo "1717"]
[Opening "Ruy Lopez: Schliemann defense"]
[ECO "C63"]
[NIC "RL.06"]
[Time "20:01:43"]
[PlyCount "45"]
[TimeControl "4500+10"]

1. e4 e5 2. Nf3 Nc6 3. Bb5 f5 4. d3 fxe4 5. dxe4 Nf6 6. O-O d6 7. Nc3 Be7
8. Bc4 Bg4 9. Be3 Qd7 10. Qe2 h6 11. Rad1 O-O-O 12. b4 Bxf3 13. Qxf3 Nxb4
14. Rb1 Nxc2 15. Bxa7 Na3 16. Bb5 c6 17. Na4 Qg4 18. Nb6+ Kc7 19. Qxa3 Ra8
20. Nxa8+ Rxa8 21. Qa5+ Kd7 22. Bc4 Qxe4 23. Rxb7+ { Black resigns } 1-0

[Event "ICC tourney 2437 (75 10)"]
[Site "Internet Chess Club"]
[Date "2021.03.07"]
[Round "6"]
[White "MARTINEZ, LAWRENCE:apachekid"]
[Black "ZHENG, CARISSA ANGELA:bg26723"]
[Result "1/2-1/2"]
[ICCResult "Game drawn by mutual agreement"]
[WhiteElo "1805"]
[BlackElo "1868"]
[Opening "Queen's pawn: stonewall attack"]
[ECO "D00"]
[NIC "QP.08"]
[Time "20:01:32"]
[PlyCount "74"]
[TimeControl "4500+10"]

1. d4 d5 2. e3 Nf6 3. Bd3 Bg4 4. f3 Bh5 5. Nh3 Bg6 6. Nf4 Bxd3 7. Nxd3 e6
8. O-O Nbd7 9. b4 Bd6 10. Nc3 c6 11. f4 b6 12. a4 Qe7 13. Ba3 a5 14. Rb1
Ne4 15. Nxe4 dxe4 16. Ne5 Nxe5 17. fxe5 Bxb4 18. Bxb4 axb4 19. c4 O-O 20.
Qc2 c5 21. Qxe4 Rxa4 22. Ra1 Qd7 23. d5 b5 24. d6 b3 25. Rfb1 Rxc4 26. Qd3
Rb4 27. Qc3 Qc6 28. Ra7 Rg4 29. g3 c4 30. Rxb3 Qb6 31. Rba3 b4 32. Ra8 bxa3
33. Rxf8+ Kxf8 34. Qxa3 Qd8 35. d7+ Kg8 36. Qa6 Kf8 37. Qd6+ Kg8 { Game
drawn by mutual agreement } 1/2-1/2

[Event "ICC tourney 2437 (75 10)"]
[Site "Internet Chess Club"]
[Date "2021.03.07"]
[Round "6"]
[White "LI, DAVID TONGJIA:UltimateDL"]
[Black "RAM, JAIKRISHNAN:jairam09"]
[Result "1-0"]
[ICCResult "Black resigns"]
[WhiteElo "1767"]
[BlackElo "1805"]
[Opening "Caro-Kann: exchange variation"]
[ECO "B13"]
[NIC "CK.02"]
[Time "20:01:35"]
[PlyCount "67"]
[TimeControl "4500+10"]

1. e4 c6 2. d4 d5 3. exd5 cxd5 4. Bd3 Nc6 5. Nf3 Nf6 6. O-O g6 7. Re1 Bg7
8. c3 O-O 9. Bf4 Bf5 10. Bxf5 gxf5 11. Nbd2 e6 12. Ne5 Nxe5 13. Bxe5 Kh8
14. Nf3 Rg8 15. Bxf6 Bxf6 16. Ne5 Bxe5 17. Rxe5 Rg7 18. Re3 f4 19. Rh3 Qg5
20. g3 Qf5 21. Rh5 Qe4 22. Rh4 Qf5 23. Qd2 fxg3 24. fxg3 Qf6 25. Rh6 Qe7
26. Rf1 Rag8 27. Qe3 Qc7 28. Kg2 Rg6 29. Rh5 R6g7 30. Qf4 Qc4 31. Qe5 Rf8
32. Rg5 f6 33. Rxf6 Rxf6 34. Qb8+ { Black resigns } 1-0

[Event "ICC tourney 2437 (75 10)"]
[Site "Internet Chess Club"]
[Date "2021.03.07"]
[Round "6"]
[White "Wolfe, Peter:fleshlumpeater"]
[Black "JIANG, LEYOU:karuto2006"]
[Result "0-1"]
[ICCResult "White resigns"]
[WhiteElo "1958"]
[BlackElo "1831"]
[Opening "Grünfeld: exchange variation"]
[ECO "D85"]
[NIC "GI.03"]
[Time "20:01:34"]
[PlyCount "80"]
[TimeControl "4500+10"]

1. d4 Nf6 2. c4 g6 3. Nc3 d5 4. cxd5 Nxd5 5. Na4 Bg7 6. e4 Nb6 7. Be3 O-O
8. Nf3 Bg4 9. Nc5 Qc8 10. Be2 Rd8 11. O-O Nc6 12. d5 Bxf3 13. gxf3 e6 14.
Nxb7 Qxb7 15. dxc6 Qxc6 16. Rc1 Qb7 17. Qc2 Rac8 18. Rfd1 Rxd1+ 19. Rxd1 c5
20. Bxc5 a5 21. Rd6 Bf8 22. Rxb6 Qxb6 23. Bxb6 Rxc2 24. Bd3 Rxb2 25. Bxa5
Bc5 26. a4 Rxf2 27. Bb5 Rxf3+ 28. Kg2 Rf2+ 29. Kg3 h5 30. h4 Be3 31. Bc7
Rb2 32. Kf3 Bd4 33. e5 Rb3+ 34. Ke4 Bf2 35. Be8 Bxh4 36. a5 Bf2 37. a6 h4
38. Kf4 h3 39. Bd6 h2 40. Bc6 Rb1 { White resigns } 0-1

[Event "ICC tourney 2437 (75 10)"]
[Site "Internet Chess Club"]
[Date "2021.03.07"]
[Round "6"]
[White "SETHURAMAN, ROSHAN:TheSuperKing"]
[Black "HONG, PEARSON:PearsonH"]
[Result "0-1"]
[ICCResult "White resigns"]
[WhiteElo "1701"]
[BlackElo "1731"]
[Opening "French: classical variation"]
[ECO "C14"]
[NIC "FR.06"]
[Time "20:01:38"]
[PlyCount "149"]
[TimeControl "4500+10"]

1. e4 e6 2. d4 d5 3. Nc3 Nf6 4. Bg5 Be7 5. e5 Nfd7 6. Bxe7 Qxe7 7. Nf3 a6
8. Be2 c5 9. O-O Nc6 10. dxc5 Ndxe5 11. Nxe5 Nxe5 12. Qd4 Qf6 13. Qd2 O-O
14. Na4 Nd7 15. c3 Qe7 16. Qd4 Nf6 17. Qe5 Bd7 18. Nb6 Rad8 19. Qc7 Rb8 20.
Qe5 Qxc5 21. Nxd7 Nxd7 22. Qg3 Nf6 23. Bd3 Rbd8 24. Rad1 d4 25. cxd4 Rxd4
26. Qe3 Rfd8 27. Be2 h6 28. Rc1 Qd6 29. Bf3 Qb4 30. Qc3 Qxc3 31. bxc3 R4d7
32. Rb1 b5 33. a4 bxa4 34. Ra1 Rc8 35. Rxa4 Rxc3 36. Rxa6 Rd2 37. h3 Rcc2
38. Ra7 g6 39. g3 Nd5 40. h4 Rb2 41. Rd7 Kg7 42. Ra7 Rb3 43. Bg2 Kf6 44.
Rd7 Rbb2 45. Bf3 Ra2 46. Rb7 Ne7 47. Rb4 Nf5 48. Bg2 g5 49. hxg5+ hxg5 50.
Be4 Ra3 51. Bxf5 Kxf5 52. Kg2 Raa2 53. Kf3 e5 54. g4+ Kg6 55. Re4 f6 56.
Re3 Rd4 57. Kg3 Raa4 58. f3 Rab4 59. Rf2 Rb5 60. Rfe2 Rdd5 61. Rc3 Rb6 62.
Rce3 Re6 63. Rc3 f5 64. gxf5+ Kxf5 65. Rce3 Rd4 66. Re4 Rd5 67. Rg4 Rd4 68.
Rge4 Rxe4 69. fxe4+ Kg6 70. Re3 Rf6 71. Re2 Rf4 72. Re1 g4 73. Re3 Kg5 74.
Re2 Rf3+ 75. Kg2 { White resigns } 0-1

[Event "ICC tourney 2437 (75 10)"]
[Site "Internet Chess Club"]
[Date "2021.03.07"]
[Round "6"]
[White "PULLELA, SRICHARAN:Sricharan07"]
[Black "STEINER, ADAMSON:poohfur"]
[Result "0-1"]
[ICCResult "White resigns"]
[WhiteElo "1881"]
[BlackElo "1692"]
[Opening "QGD: Tarrasch defense"]
[ECO "D32"]
[NIC "TD.11"]
[Time "20:01:33"]
[PlyCount "72"]
[TimeControl "4500+10"]

1. d4 d5 2. c4 e6 3. cxd5 exd5 4. Nc3 c5 5. Nf3 Nc6 6. Bf4 Nf6 7. e3 c4 8.
Be2 Bd6 9. Bxd6 Qxd6 10. O-O a6 11. a4 Na5 12. Nd2 Bf5 13. b3 cxb3 14. Nxb3
Nxb3 15. Qxb3 O-O 16. Rfc1 Rfc8 17. Qb2 Rc6 18. Qb3 Rac8 19. Na2 Rxc1+ 20.
Rxc1 Rxc1+ 21. Nxc1 Qc6 22. Na2 Bc2 23. Qc3 Bxa4 24. Qb4 b5 25. Nc3 Ne4 26.
Nxe4 Qc1+ 27. Bf1 dxe4 28. Qe7 h6 29. Qe8+ Kh7 30. Qxe4+ g6 31. Qb7 Bb3 32.
d5 Kg7 33. d6 Bc4 34. h3 Qxf1+ 35. Kh2 Qd3 36. Qc7 Be6 { White resigns }
0-1

[Event "ICC tourney 2437 (75 10)"]
[Site "Internet Chess Club"]
[Date "2021.03.07"]
[Round "6"]
[White "CHAMPSI, IMRAN:imranchamp"]
[Black "YANG, LEO:yanje03"]
[Result "1/2-1/2"]
[ICCResult "Game drawn by mutual agreement"]
[WhiteElo "1813"]
[BlackElo "1678"]
[Opening "Sicilian: closed"]
[ECO "B23"]
[NIC "SI.44"]
[Time "20:01:37"]
[PlyCount "93"]
[TimeControl "4500+10"]

1. e4 c5 2. Nc3 e6 3. f4 Nc6 4. Nf3 Nge7 5. e5 g6 6. Ne4 Nd5 7. d3 Be7 8.
Be2 d6 9. exd6 Bxd6 10. Nxd6+ Qxd6 11. g3 O-O 12. O-O e5 13. fxe5 Nxe5 14.
Nxe5 Qxe5 15. Bf3 Re8 16. Bg2 Bf5 17. Bd2 Qxb2 18. Rb1 Qd4+ 19. Kh1 Rab8
20. Qf3 Re5 21. Rbe1 Rbe8 22. g4 Rxe1 23. Bxe1 Be6 24. Bf2 Qc3 25. d4 cxd4
26. Qe4 Nf6 27. Qxd4 Qxd4 28. Bxd4 Nxg4 29. Bxa7 Bxa2 30. Bxb7 Re7 31. Ra1
Rxb7 32. Rxa2 Rc7 33. Bd4 f6 34. c3 Kf7 35. h3 Ne5 36. Rf2 Ke6 37. Kg2 Rb7
38. c4 Rb4 39. Bxe5 fxe5 40. Rc2 e4 41. c5 Kd5 42. c6 Rb8 43. c7 Rc8 44.
Kf2 Ke5 45. Ke3 h5 46. Rc5+ Kd6 47. Rg5 { Game drawn by mutual agreement }
1/2-1/2

[Event "ICC tourney 2437 (75 10)"]
[Site "Internet Chess Club"]
[Date "2021.03.07"]
[Round "6"]
[White "WANG, MAXWELL GEORG:MaxWang"]
[Black "RODENSTEIN, ALAN:arconsul2"]
[Result "1/2-1/2"]
[ICCResult "Game drawn by mutual agreement"]
[WhiteElo "1778"]
[BlackElo "1756"]
[Opening "Caro-Kann: Panov-Botvinnik attack"]
[ECO "B13"]
[NIC "CK.03"]
[Time "20:01:36"]
[PlyCount "147"]
[TimeControl "4500+10"]

1. e4 c6 2. d4 d5 3. exd5 cxd5 4. c4 Nf6 5. Nc3 Nc6 6. Nf3 e6 7. Be2 Be7 8.
O-O O-O 9. Bf4 b6 10. Rc1 Bb7 11. Re1 dxc4 12. Bxc4 Nb4 13. Ng5 Nbd5 14.
Bg3 Rc8 15. Bd3 h6 16. Nf3 Bd6 17. Be5 Bb4 18. Qe2 Bxc3 19. bxc3 Nxc3 20.
Qb2 Ncd5 21. a4 a6 22. Rxc8 Qxc8 23. Bxf6 gxf6 24. Rc1 Qd7 25. Qb3 Rc8 26.
Rb1 Rc3 27. Qd1 Qc6 28. Be4 Qc7 29. Nd2 f5 30. Bf3 b5 31. axb5 axb5 32. Nf1
b4 33. Bxd5 Bxd5 34. Rxb4 Rc1 35. Qd2 Kg7 36. f3 Rc2 37. Qd1 Qc3 38. Rb1
Bc4 39. Qe1 Qxd4+ 40. Kh1 Qf2 41. Qxf2 Rxf2 42. Ng3 Rd2 43. h3 Kg6 44. Kh2
Bd5 45. Rf1 e5 46. Kg1 f6 47. Re1 Rd4 48. Kf2 h5 49. Re2 h4 50. Nf1 Bc4 51.
Rc2 Bxf1 52. Kxf1 e4 53. Kf2 Kg5 54. Ke3 Rd3+ 55. Ke2 Kf4 56. Kf2 Rd4 57.
Re2 exf3 58. gxf3 Rd3 59. Kg2 Rxf3 60. Re6 Rg3+ 61. Kh2 Kg5 62. Re8 f4 63.
Rg8+ Kf5 64. Rh8 Kg5 65. Rg8+ Kf5 66. Rh8 Ra3 67. Rxh4 Ra2+ 68. Kg1 f3 69.
Rb4 Kg5 70. Rg4+ Kf5 71. Rb4 Rg2+ 72. Kf1 Rh2 73. h4 Kg6 74. Rf4 { Game
drawn by mutual agreement } 1/2-1/2

[Event "ICC tourney 2437 (75 10)"]
[Site "Internet Chess Club"]
[Date "2021.03.07"]
[Round "6"]
[White "YU, AVERY:Averyyu321"]
[Black "CRISCI, THOMAS:StarWaricc"]
[Result "1-0"]
[ICCResult "Black resigns"]
[WhiteElo "1789"]
[BlackElo "1816"]
[Opening "Sicilian: Anderssen variation"]
[ECO "B41"]
[NIC "SI.41"]
[Time "20:01:35"]
[PlyCount "65"]
[TimeControl "4500+10"]

1. e4 c5 2. Nf3 e6 3. d4 cxd4 4. Nxd4 Nf6 5. Nc3 Nc6 6. g3 Bb4 7. Bg2 O-O
8. O-O d5 9. exd5 Nxd5 10. Nxd5 exd5 11. c3 Bc5 12. Nb3 Bb6 13. Qxd5 Be6
14. Qxd8 Raxd8 15. Bf4 f6 16. Rfe1 Bg4 17. h3 Bh5 18. g4 Bg6 19. Rad1 Rfe8
20. Rxe8+ Rxe8 21. Kf1 Bf7 22. Bd5 Bxd5 23. Rxd5 Kf7 24. Nd2 Re7 25. Nc4
Bc7 26. Bxc7 Rxc7 27. f4 Ne7 28. Rd4 Nc8 29. Kf2 Re7 30. f5 a6 31. Rd8 Re8
32. Rxc8 Rxc8 33. Nd6+ { Black resigns } 1-0

[Event "ICC tourney 2437 (75 10)"]
[Site "Internet Chess Club"]
[Date "2021.03.07"]
[Round "6"]
[White "MATTSON, DANIEL R:CPTsopiens"]
[Black "KARAM, ALEX:AlexandreKaram"]
[Result "1/2-1/2"]
[ICCResult "Game drawn by mutual agreement"]
[WhiteElo "1757"]
[BlackElo "1799"]
[Opening "Sicilian: Pelikan, Chelyabinsk variation"]
[ECO "B33"]
[NIC "SI.37"]
[Time "20:01:39"]
[PlyCount "77"]
[TimeControl "4500+10"]

1. e4 c5 2. Nf3 Nc6 3. d4 cxd4 4. Nxd4 Nf6 5. Nc3 e5 6. Ndb5 d6 7. Bg5 a6
8. Na3 b5 9. Nd5 Be7 10. Nxe7 Nxe7 11. Bd3 d5 12. Bxf6 gxf6 13. exd5 Qxd5
14. f3 Bf5 15. Bxf5 Qxd1+ 16. Rxd1 Nxf5 17. c3 Ke7 18. Kf2 Rhd8 19. Nc2 Rd6
20. Rxd6 Nxd6 21. Ne3 Ke6 22. Rd1 Nc4 23. b3 Nxe3 24. Kxe3 Rc8 25. Rc1 f5
26. c4 bxc4 27. bxc4 f4+ 28. Kd3 h5 29. Rb1 Rc6 30. Rb8 Rd6+ 31. Kc3 f5 32.
Rh8 e4 33. fxe4 fxe4 34. Rh6+ Kd7 35. Rxh5 Rg6 36. Rf5 Rxg2 37. Rxf4 Rxh2
38. Rxe4 Rxa2 39. Kb3 { Game drawn by mutual agreement } 1/2-1/2